 Dungeon Crawl Stone Soup version 0.30.0-30-g96aa6591b8 (webtiles) character file.

Game seed: 1624766495514412058

194 BreadTh the Caller (level 5, -4/35 HPs)
             Began as a Merfolk Summoner on June 27, 2023.
             Killed from afar by an orc wizard (8 damage)
             ... with a magic dart
             ... on level 3 of the Dungeon.
             The game lasted 00:13:56 (2063 turns).

BreadTh the Caller (Merfolk Summoner)               Turns: 2063, Time: 00:13:59

Health: -4/35      AC:  5    Str:  8    XL:     5   Next: 73%
Magic:  7/8        EV: 12    Int: 15    God:
Gold:   87         SH:  0    Dex: 16    Spells: 5/8 levels left

rFire   . . .        o - +0 halberd
rCold   . . .        (shield currently unavailable)
rNeg    . . .        u - +0 leather armour
rPois   .            (no helmet)
rElec   .            g - +0 cloak
rCorr   .            l - +0 pair of gloves
SInv    .            (no boots)
Will    .....        (no amulet)
Stlth   ++           (no ring)
HPRegen 0.25/turn    (no ring)
MPRegen 0.11/turn

%: no passive effects
@: attractive
A: (nimble swimmer 2), mertail
a: no special abilities


You were on level 3 of the Dungeon.
You visited 1 branch of the dungeon, and saw 3 of its levels.

You collected 87 gold pieces.

Inventory:

Hand Weapons
 c - a +1 short sword of holy wrath
 m - a +0 spear
 o - a +0 halberd (weapon)
 q - a +0 heavy flail
Missiles
 k - 17 stones
 p - 4 poisoned darts
Armour
 a - a +0 robe
 g - a +0 cloak (worn)
 l - a +0 pair of gloves (worn)
 u - a +0 leather armour (worn)
Scrolls
 d - a scroll of magic mapping {unknown}
 e - a scroll of summoning {unknown}
 h - 3 scrolls of identify {unknown}
 j - a scroll of enchant armour {unknown}
 r - a scroll of amnesia {unknown}
 s - 3 scrolls of silence {unknown}
 t - 2 scrolls of teleportation {unknown}
Potions
 b - 2 potions of magic
 f - a potion of attraction
 i - a potion of might {unknown}
 n - a potion of invisibility {unknown}
 v - a potion of degeneration {unknown}


   Skills:
 - Level 2.6 Dodging
 - Level 2.1 Stealth
 - Level 2.0 Spellcasting
 * Level 6.8 Summonings


You had 5 spell levels left.
You knew the following spells:

 Your Spells              Type           Power      Damage    Failure   Level
a - Summon Small Mammal   Summ           88%        N/A       1%          1
b - Call Imp              Summ           44%        N/A       3%          2

Your spell library contained the following spells:

 Spells                   Type           Power      Damage    Failure   Level
 Call Canine Familiar     Summ           22%        N/A       6%          3
 Summon Guardian Golem    Hex/Summ       11%        N/A       24%         3
 Summon Lightning Spire   Summ/Air       11%        N/A       63%         4
 Vhi's Electric Charge    Tloc/Air       2%         N/A       67%         3
 Arcjolt                  Conj/Air       0%         1d10      100%        5
 Maxwell's Capacitive Co  Air            0%         ∞         100%        8


Dungeon Overview and Level Annotations

Branches:
Dungeon (3/15)

Altars:

Shops:
D:2 (


Innate Abilities, Weirdness & Mutations

((You are very nimble when in or above water. (Stealth+, EV+, Speed+++)))
Your lower body shifts to a powerful aquatic tail in water.


Message History

You reach to attack!
You attack empty space.
Your cerulean imp misses something.
Something completely misses you.
Your cerulean imp misses something.
Reach: o) +0 halberd
Press: ? - help, Dir - move target You reach to attack!
You attack empty space.
Something hits you.
* * * LOW HITPOINT WARNING * * *
Your cerulean imp misses something.
You hear some strange, mumbled words.
A puff of flame appears from out of thin air!
The puff of flame hits you.
* * * LOW HITPOINT WARNING * * *
It was a potion of attraction.
You feel attractive to monsters.
Your cerulean imp closely misses something.
You hear some strange, mumbled words.
A magic dart appears from out of thin air!
The magic dart hits you but does no damage.
Reach: o) +0 halberd
Press: ? - help, Dir - move target You closely miss something.
Your cerulean imp barely misses something.
Something hits you but does no damage.
Your cerulean imp hits something but does no damage.
Reach: o) +0 halberd
Press: ? - help, Dir - move target You hit something.
You hear some strange, mumbled words.
Something tries to affect you, but you resist.
Your cerulean imp barely misses something.
Something hits you.
* * * LOW HITPOINT WARNING * * *
Reach: o) +0 halberd
Press: ? - help, Dir - move target You miss something.
Your cerulean imp barely misses something.
You hear some strange, mumbled words.
A magic dart appears from out of thin air!
The magic dart hits you!
You die...

##))....)<)......
#.......†....<...
#........†.......
###............####
##.{............#
#####..............>#
#.....##.#.....######
#.....).....####
####.5{@....#
#....)...# #........#
#......).# #........#
#........# #........#
#...)....# ##########


You could see a friendly cerulean imp (summoned).

Vanquished Creatures
  An adder (D:2)
  3 worms (D:2)
  2 dart slugs
  2 orcs (D:3)
  4 endoplasms (D:1)
  2 giant cockroaches
  3 hobgoblins
  A quokka (D:1)
  5 ball pythons
  4 bats
  4 goblins
  4 kobolds
  4 rats
39 creatures vanquished.

Vanquished Creatures (collateral kills)
  An orc wizard (D:3)
  7 gnolls (D:2)
  2 adders (D:2)
  A dart slug (D:2)
  2 orcs (D:3)
  2 endoplasms (D:2)
  3 goblins
  2 hobgoblins
  A bat (D:2)
  A frilled lizard (D:2)
22 creatures vanquished.

Grand Total: 61 creatures vanquished

Notes
Turn   | Place    | Note
-------+----------+-------------------------------------------
     0 | D:1      | BreadTh the Merfolk Summoner began the quest for the Orb.
     0 | D:1      | Reached XP level 1. HP: 13/13 MP: 3/3
   291 | D:1      | Reached XP level 2. HP: 18/19 MP: 5/5
   868 | D:1      | Learned a level 2 spell: Call Imp
   946 | D:2      | Reached XP level 3. HP: 19/24 MP: 2/6
   950 | D:2      | Reached skill level 5 in Summonings
  1015 | D:2      | Reached XP level 4. HP: 28/30 MP: 2/7
  1161 | D:2      | Reached skill level 6 in Summonings
  1243 | D:2      | Found Othross's Antique Weapon Boutique.
  1314 | D:2      | Reached XP level 5. HP: 35/35 MP: 5/8
  2063 | D:3      | Killed from afar by an orc wizard

Illustrated notes

Levels and vault maps discovered:
D:1:      dpeg_arrival_orchard, layout_loops_ring
D:2:      layout_loops_ring, serial_shops, nicolae_shop_trees
D:3:      minmay_inner_zag, layout_rooms,
          hellmonk_ecumenical_altar_defaced_shrine

Skill      XL: |  1  2  3  4 |
---------------+-------------+-----
Summonings     | 5 6 |  6.8
Dodging        | |  2.6
Stealth        | |  2.1
Spellcasting   | |  2.0

Action                     |  1- 3 |  4- 6 || total
---------------------------+-------+-------++-------
  Melee: Hand axe          |    30 |       ||    30
         Spear             |    15 |     4 ||    19
         Halberd           |       |    79 ||    79
   Cast: Summon Small Mamm |     9 |     1 ||    10
         Call Imp          |     5 |    11 ||    16
    Use: Scroll            |     1 |       ||     1
         Potion            |       |     1 ||     1
   Stab: Sleeping          |     2 |     3 ||     5
 Armour: Robe              |    19 |     2 ||    21
         Leather armour    |       |    11 ||    11
  Dodge: Dodged            |    28 |    23 ||    51
